 Dungeon Crawl Stone Soup version 0.27-a0-457-gba82baf56e (webtiles) character file.

Game seed: 1801706363188813239

42 Morbidden the Firebug (level 3, -1/26 HPs)
             Began as a Demigod Fire Elementalist on Feb 28, 2021.
             Slain by a worker ant (5 damage)
             ... on level 2 of the Dungeon.
             The game lasted 00:01:08 (1464 turns).

Morbidden the Firebug (Demigod Fire Elementalist)   Turns: 1464, Time: 00:01:09

Health: -1/26      AC:  3    Str:  9    XL:     3   Next: 17%
Magic:  3/9        EV: 12    Int: 21    God:
Gold:   48         SH:  0    Dex: 14    Spells: 5/6 levels left

rFire    . . .     SeeInvis .   (no weapon)
rCold    . . .     Faith    .   (no shield)
rNeg     . . .     Spirit   .   a - +0 robe
rPois    .         Reflect  .   (no helmet)
rElec    .         Harm     .   e - +0 cloak
rCorr    .         Rampage  .   (no gloves)
Will     .....                  (no boots)
Stlth    ++........             (no amulet)
HPRegen  0.08/turn              (no ring)
MPRegen  0.11/turn              (no ring)

@: lethally poisoned (-1 -> -6)
A: high mp 1
a: no special abilities


You were on level 2 of the Dungeon.
You visited 1 branch of the dungeon, and saw 2 of its levels.

You collected 48 gold pieces.

Inventory:

Armour
 a - a +0 robe (worn)
 e - a +0 cloak (worn)
Jewellery
 i - a ring of magical power
 m - an amulet of magic regeneration
Scrolls
 b - 5 scrolls of identify {unknown}
 f - a scroll of noise {unknown}
 j - a scroll of teleportation {unknown}
 k - a scroll of enchant weapon {unknown}
Potions
 c - a potion of curing {unknown}
 d - a potion of cancellation {unknown}
 g - 2 potions of lignification {unknown}
 h - 2 potions of might {unknown}
 l - a potion of haste {unknown}
 n - 2 potions of flight {unknown}
 o - a potion of mutation {unknown}


   Skills:
 * Level 0.3 Fighting
 + Level 1.8 Dodging
 + Level 1.8 Stealth
 * Level 2.3 Spellcasting
 * Level 1.3 Conjurations
 * Level 3.3 Fire Magic


You had 5 spell levels left.
You knew the following spells:

 Your Spells              Type           Power        Failure   Level
a - Foxfire               Conj/Fire      48%          5%          1

Your spell library contained the following spells:

 Spells                   Type           Power        Failure   Level
 Conjure Flame            Conj/Fire      12%          17%         3
 Inner Flame              Hex/Fire       9%           22%         3
 Sticky Flame             Conj/Fire      12%          50%         4
 Fireball                 Conj/Fire      6%           83%         5


Dungeon Overview and Level Annotations

Branches:
Dungeon (2/15)


Innate Abilities, Weirdness & Mutations

You have an increased reservoir of magic. (+10% MP)


Message History

Casting: Foxfire (safe; 5% risk of failure)
Confirm with . or Enter, or press ? or * to list all spells.
You miscast Foxfire.
You are very lightly contaminated with residual magic.
Nothing appears to happen.
Casting: Foxfire (safe; 5% risk of failure)
Confirm with . or Enter, or press ? or * to list all spells.
You conjure some foxfire!
The worker ant bites you.
The foxfire hits the rat but does no damage.
The foxfire hits the rat.
The rat is heavily wounded.
The worker ant bites you. The rat misses you.
Casting: Foxfire (safe; 5% risk of failure)
Confirm with . or Enter, or press ? or * to list all spells.
You conjure some foxfire!
The worker ant barely misses you. The rat barely misses you.
The foxfire hits the rat.
You kill the rat!
The foxfire hits the worker ant.
The worker ant is moderately wounded.
The worker ant bites you.
Casting: Foxfire (safe; 5% risk of failure)
Confirm with . or Enter, or press ? or * to list all spells.
You conjure some foxfire!
The worker ant closely misses you. The worker ant bites you!
You are poisoned.
The worker ant poisons you!
You feel sick.
The foxfire hits the worker ant.
The worker ant is moderately wounded.
The foxfire hits the worker ant but does no damage.
The worker ant is moderately wounded.
The worker ant bites you.
* * * LOW HITPOINT WARNING * * *
Your magical contamination has completely faded away.
Casting: Foxfire (safe; 5% risk of failure)
Confirm with . or Enter, or press ? or * to list all spells.
You conjure some foxfire!
* * * LOW HITPOINT WARNING * * *
You feel sick. The worker ant bites you.
You die...

### #.. ## #.# ..
#.# .# # #§#
#.##<##
#§###......#
#§####.##vv......
#.......§@B.....#
######.####.##.##
#.# # #.# #.# #.#
#.# #.# ##.#


You could see a worker ant (ally target).

Vanquished Creatures
  An adder (D:2)
  A dart slug (D:2)
  3 bats (D:1)
  4 giant cockroaches
  4 goblins
  4 hobgoblins
  5 kobolds
  A frilled lizard (D:1)
  6 rats
29 creatures vanquished.

Vanquished Creatures (collateral kills)
  A foxfire (D:1)
1 creature vanquished.

Vanquished Creatures (others)
  150 foxfires
150 creatures vanquished.

Grand Total: 180 creatures vanquished

Notes
Turn   | Place    | Note
-------+----------+-------------------------------------------
     0 | D:1      | Morbidden the Demigod Fire Elementalist began the quest for
                  | the Orb.
     0 | D:1      | Reached XP level 1. HP: 14/14 MP: 5/5
   161 | D:1      | Reached skill level 1 in Conjurations
   190 | D:1      | Reached skill level 3 in Fire Magic
   249 | D:1      | Reached XP level 2. HP: 20/20 MP: 2/7
  1212 | D:2      | Reached XP level 3. HP: 22/26 MP: 3/9
  1464 | D:2      | Slain by a worker ant

Illustrated notes

Levels and vault maps discovered:
D:1:      sevenhm_arrival_forest_fort_small_4, layout_rooms
D:2:      layout_loops_ring, minmay_door_square, uniq_robin,
          uniq_crazy_yiuf_cottage

Skill      XL: |  1  2 |
---------------+-------+-----
Conjurations   | 1 |  1.3
Fire Magic     | 3 |  3.3
Spellcasting   | 2 |  2.3
Fighting       | |  0.3
Dodging        | |  1.8
Stealth        | |  1.8

Action                   || total
-------------------------++-------
 Cast: Foxfire           ||    89
Armor: Robe              ||     5
Dodge: Dodged            ||    15

Table legend: (Time is in decaauts)
 A = Elapsed time spent in this place.
 B = Non-inter-level travel time spent in this place.
 C = Inter-level travel time spent in this place.
 D = Time resting spent in this place.
 E = Time spent auto-exploring this place.
 F = Levels seen in this place.
 G = Mean time per level.
                   A        B        C        D        E       F      G
               +--------+--------+--------+--------+--------+-----+--------+
         Total |   1472 |   1446 |     26 |      0 |   1198 |   2 |  736.0 |
       Dungeon |   1472 |   1446 |     26 |      0 |   1198 |   2 |  736.0 |
               +--------+--------+--------+--------+--------+-----+--------+

Top non-repeatable levels by time:
     D:1: 1065 daAuts
     D:2: 406 daAuts
